 Dungeon Crawl Stone Soup version 0.30-a0-996-ga6910c8ee8 (webtiles) character file.

Game seed: 5066511466630395991

137 NinjaNoafa the Charlatan (level 5, 0/37 HPs)
             Began as a Gnoll Wanderer on Apr 4, 2023.
             Slain by a giant cockroach (1 damage)
             ... on level 2 of the Dungeon.
             The game lasted 00:03:45 (1287 turns).

NinjaNoafa the Charlatan (Gnoll Wanderer)           Turns: 1287, Time: 00:03:45

Health: 0/37       AC:  3    Str: 12    XL:     5   Next: 20%
Magic:  5/9        EV: 11    Int: 14    God:
Gold:   114        SH:  4    Dex: 10    Spells: 9/10 levels left

rFire   . . .      SeeInvis .    a - staff of earth
rCold   . . .      Faith    .    b - +0 buckler
rNeg    . . .      Spirit   .    d - +0 leather armour
rPois   .          Reflect  .    (no helmet)
rElec   .          Rampage  .    (no cloak)
rCorr   .                        (no gloves)
Will    .....                    (no boots)
Stlth   ++                       (no amulet)
HPRegen 0.26/turn                (no ring)
MPRegen 0.11/turn                (no ring)

@: weak-willed
A: fangs 1, strong nose, distributed training
a: no special abilities


You were on level 2 of the Dungeon.
You visited 1 branch of the dungeon, and saw 3 of its levels.

You collected 114 gold pieces.

Inventory:

Missiles
 n - 5 poisoned darts
 r - 2 curare-tipped darts
Armour
 b - a +0 buckler (worn)
 d - a +0 leather armour (worn)
 o - a +0 helmet
Magical Staves
 a - a staff of earth (weapon)
Wands
 e - a wand of paralysis (22)
Scrolls
 f - a scroll of brand weapon {unknown}
 g - 2 scrolls of poison {unknown}
 h - a scroll of immolation {unknown}
 i - a scroll of vulnerability
 q - a scroll of blinking {unknown}
Potions
 c - a potion of haste
 j - a potion of curing {unknown}
 k - a potion of attraction {unknown}
 l - a potion of brilliance {unknown}
 m - a potion of degeneration {unknown}
 p - 2 potions of berserk rage {unknown}


   Skills:
 + Level 1.4 Fighting
 + Level 1.4 Short Blades
 + Level 1.4 Long Blades
 + Level 1.4 Axes
 + Level 1.4 Maces & Flails
 + Level 1.4 Polearms
 + Level 1.4 Staves
 + Level 1.4 Ranged Weapons
 + Level 1.4 Throwing
 + Level 4.8 Armour
 + Level 1.4 Dodging
 + Level 2.7 Stealth
 + Level 3.0 Shields
 + Level 1.4 Unarmed Combat
 + Level 3.1 Spellcasting
 + Level 1.1 Conjurations
 + Level 1.1 Hexes
 + Level 1.1 Summonings
 + Level 1.1 Necromancy
 + Level 1.1 Translocations
 + Level 1.1 Transmutations
 + Level 1.1 Fire Magic
 + Level 1.1 Ice Magic
 + Level 1.1 Air Magic
 + Level 3.9 Earth Magic
 + Level 1.1 Poison Magic
 + Level 1.6 Invocations
 + Level 6.7 Evocations


You had 9 spell levels left.
You knew the following spells:

 Your Spells              Type           Power      Damage    Failure   Level
a - Sandblast             Erth           40%        2d10      7%          1

Your spell library contained the following spells:

 Spells                   Type           Power      Damage    Failure   Level
 Passwall                 Tmut/Erth      11%        N/A       19%         2
 Shock                    Conj/Air       20%        1d4       22%         1
 Sting                    Tmut/Pois      20%        1d4       22%         1
 Ensorcelled Hibernation  Hex/Ice        10%        N/A       32%         2
 Poisonous Vapours        Pois/Air       10%        N/A       32%         2
 Stone Arrow              Conj/Erth      28%        3d8       36%         3
 Swiftness                Air            5%         N/A       54%         3
 Airstrike                Air            2%         2d(1-17)  91%         4
 Olgreb's Toxic Radiance  Pois           5%         N/A       91%         4


Dungeon Overview and Level Annotations

Branches:
Dungeon (3/15)

Altars:
Xom


Innate Abilities, Weirdness & Mutations

You have very sharp teeth.
Your uncanny sense of smell can sniff out nearby items.
Your experience applies equally to all skills.


Message History

The giant cockroach bites you but does no damage.
The adder bites you. The orc hits you but does no damage.
The orc closely misses you. The hound bites you. The adder bites you.
The giant cockroach barely misses you. The hound bites you.
* * * LOW HITPOINT WARNING * * *
The orc misses you. The orc hits you with a +0 hand axe.
* * * LOW HITPOINT WARNING * * *
You climb upwards.
There is a stone staircase leading down here.
Things that are here:
3 stones; a +0 club Unknown command.
Unknown command.
Unknown command.
As you read the scroll labelled ZYREKA ISENT, it crumbles to dust.
Magic quickly surges around you.
It was a scroll of vulnerability.
The hound bites you.
* * * LOW HITPOINT WARNING * * *
The adder bites you but does no damage. The giant cockroach bites you.
* * * LOW HITPOINT WARNING * * *
The orc hits you with a +0 hand axe.
* * * LOW HITPOINT WARNING * * *
The orc hits you with a +0 flail.
* * * LOW HITPOINT WARNING * * *
The hound barely misses you. The adder barely misses you.
The giant cockroach barely misses you.
You barely miss the giant cockroach. Your bite misses the giant cockroach.
The hound closely misses you. The orc closely misses you.
The orc completely misses you. The adder closely misses you.
You block the giant cockroach's attack. You block the hound's attack.
Aiming: Sandblast (safe; 7% risk of failure)
Press: ? - help, Q - select action, (/) - cycle Shift-Dir - straight line, f - hound
Aim: a hound (lightly wounded, weak-willed, 76% to hit)
You feel a surge of power!
The blast of sand hits the hound!
The hound is heavily wounded.
The adder bites you but does no damage. The hound closely misses you.
You block the orc's attack. The orc closely misses you.
The giant cockroach bites you.
You die...

##.####.#####.#####.##..
#............(##.......#
#..####.................
#..#......###.##.##.####
#..###........##....#
#........####.#####.####
#.#####.#####.# #.......
#.....oho.....###.......
#######@S...............
#B##....###.......
#....##.##########
#(..........#.....
####.######)#..... #.#
#.#..... #.# #.#####.
### #.# #. #.#####.


You could see a hound (weak-willed), an adder (weak-willed), 2 orcs and a giant
cockroach (weak-willed).

Vanquished Creatures
  An orc wizard (D:3)
  4 gnolls (D:2)
  2 adders (D:2)
  A worm (D:2)
  3 dart slugs (D:1)
  3 orcs
  4 ball pythons
  2 endoplasms
  2 giant cockroaches
  6 goblins
  A hobgoblin (D:1)
  4 kobolds
  3 quokkas
  6 bats
  2 frilled lizards
  2 rats (D:1)
46 creatures vanquished.

Notes
Turn   | Place    | Note
-------+----------+-------------------------------------------
     0 | D:1      | NinjaNoafa the Gnoll Wanderer began the quest for the Orb.
     0 | D:1      | NinjaNoafa set off with the following items: a +0 club, a
                  | +0 buckler, a potion of haste, a +0 leather armour, a wand
                  | of paralysis (13); and the following spell memorised:
                  | Sandblast; and the following spells available to memorise:
                  | Stone Arrow.
     0 | D:1      | Reached XP level 1. HP: 13/13 MP: 4/4
    99 | D:1      | Reached XP level 2. HP: 19/19 MP: 0/5
   358 | D:1      | Reached XP level 3. HP: 25/25 MP: 5/7
   564 | D:1      | Reached skill level 1 in Invocations
   650 | D:2      | Reached skill level 1 in Fighting
   650 | D:2      | Reached skill level 1 in Short Blades
   650 | D:2      | Reached skill level 1 in Long Blades
   650 | D:2      | Reached skill level 1 in Axes
   650 | D:2      | Reached skill level 1 in Maces & Flails
   650 | D:2      | Reached skill level 1 in Polearms
   650 | D:2      | Reached skill level 1 in Staves
   650 | D:2      | Reached skill level 1 in Ranged Weapons
   650 | D:2      | Reached skill level 1 in Throwing
   650 | D:2      | Reached skill level 1 in Dodging
   650 | D:2      | Reached skill level 1 in Unarmed Combat
   658 | D:2      | Reached XP level 4. HP: 28/32 MP: 1/8
   702 | D:2      | Reached skill level 1 in Conjurations
   702 | D:2      | Reached skill level 1 in Hexes
   702 | D:2      | Reached skill level 1 in Summonings
   702 | D:2      | Reached skill level 1 in Necromancy
   702 | D:2      | Reached skill level 1 in Translocations
   702 | D:2      | Reached skill level 1 in Transmutations
   702 | D:2      | Reached skill level 1 in Fire Magic
   702 | D:2      | Reached skill level 1 in Ice Magic
   702 | D:2      | Reached skill level 1 in Air Magic
   702 | D:2      | Reached skill level 1 in Poison Magic
   753 | D:2      | Found a shimmering altar of Xom.
   925 | D:2      | Found a faded altar of an unknown god.
  1189 | D:3      | Reached XP level 5. HP: 30/37 MP: 5/9
  1285 | D:2      | HP: 1/37 [orc/+0 flail (1)]
  1287 | D:2      | Slain by a giant cockroach

Illustrated notes

Levels and vault maps discovered:
D:1:      dpeg_arrival_three_same_balls, layout_rooms, serial_curves,
          eino_curves_04, eino_curves_02, minmay_heptomino_o4
D:2:      layout_basic, shapermc_ecumenical_altar_ellora, basic_altar
D:3:      layout_loops_ring

Skill      XL: |  1  2  3  4  5 |
---------------+----------------+-----
Invocations    | 1 |  1.6
Fighting       | 1 |  1.4
Short Blades   | 1 |  1.4
Long Blades    | 1 |  1.4
Axes           | 1 |  1.4
Maces & Flails | 1 |  1.4
Polearms       | 1 |  1.4
Staves         | 1 |  1.4
Ranged Weapons | 1 |  1.4
Throwing       | 1 |  1.4
Dodging        | 1 |  1.4
Unarmed Combat | 1 |  1.4
Spellcasting   | 3 |  3.1
Conjurations   | 1 |  1.1
Hexes          | 1 |  1.1
Summonings     | 1 |  1.1
Necromancy     | 1 |  1.1
Translocations | 1 |  1.1
Transmutations | 1 |  1.1
Fire Magic     | 1 |  1.1
Ice Magic      | 1 |  1.1
Air Magic      | 1 |  1.1
Poison Magic   | 1 |  1.1
Shields        | 3 |  3.0
Armour         | |  4.8
Stealth        | |  2.7
Earth Magic    | |  3.9
Evocations     | |  6.7

Action                     |  1- 3 |  4- 6 || total
---------------------------+-------+-------++-------
  Melee: Club              |     4 |       ||     4
         Staff             |    16 |     8 ||    24
         Bite              |     1 |     3 ||     4
   Cast: Sandblast         |    30 |    33 ||    63
  Evoke: Wand              |       |     3 ||     3
    Use: Scroll            |       |     1 ||     1
   Stab: Paralysed         |       |     5 ||     5
 Armour: Leather armour    |     9 |    10 ||    19
  Dodge: Dodged            |    21 |    24 ||    45
  Block: Buckler           |    10 |     5 ||    15

Table legend: (Time is in decaauts)
 A = Elapsed time spent in this place.
 B = Non-inter-level travel time spent in this place.
 C = Inter-level travel time spent in this place.
 D = Time resting spent in this place.
 E = Time spent auto-exploring this place.
 F = Levels seen in this place.
 G = Mean time per level.
                   A        B        C        D        E       F      G
               +--------+--------+--------+--------+--------+-----+--------+
         Total |   1324 |   1198 |    126 |      0 |    822 |   3 |  441.3 |
       Dungeon |   1324 |   1198 |    126 |      0 |    822 |   3 |  441.3 |
               +--------+--------+--------+--------+--------+-----+--------+

Top non-repeatable levels by time:
     D:1: 682 daAuts
     D:2: 614 daAuts
     D:3: 27 daAuts
